Map: Jagannatha LE

Players

Antis

  • Race: Zerg Zerg

Asuna - Winner!

  • Race: Protoss Protoss

VOD

Have the link to the VOD?

Description

Time

  • Played on: Oct. 8, 2021, 3:55 p.m.
  • Length: 6:38
Show
View Real Time Build Order
Export as new Build Order

Antis Zerg 

Build Orders: Hatch First, Ravager All-In 

Get SALT Encoding   

  12  0:00  Drone  
  13  0:12  Overlord  
  13  0:17  Drone  
  14  0:30  Drone x2  
  16  0:49  Hatchery  
  15  0:52  Drone  
  15  0:55  Drone  
  17  0:59  Drone  
  18  1:09  Extractor  
  17  1:15  Spawning Pool  
  17  1:18  Drone  
  17  1:21  Drone  
  18  1:30  Drone  
  20  1:48  Drone  
  20  1:49  Hatchery, Extractor  
  20  1:53  Drone  
  20  2:03  Queen  
  20  2:07  Roach Warren  
  21  2:12  Overlord  
  21  2:20  Drone  
  22  2:28  Overlord  
  22  2:48  Roach  
  22  2:49  Roach  
  26  2:53  Queen  
  26  2:54  Roach  
  30  3:04  Roach  
  32  3:06  Roach  
  32  3:09  Ravager x2  
  36  3:16  Ravager  
  36  3:19  Drone  
  38  3:27  Ravager  
  38  3:29  Roach x2  
  38  3:34  Overlord  
  43  3:49  Zergling x2  
  43  3:53  Ravager x2  
  43  3:55  Overlord x2  
  46  4:05  Zergling x6  
  46  4:09  Roach  
  44  4:41  Zergling x2, Roach x2  
  49  4:46  Queen  
  49  4:48  Zergling x6  
  51  4:58  Roach  
  53  5:01  Ravager x2  
  54  5:09  Roach  
  53  5:35  Zergling x2, Roach x2  
  58  5:36  Zergling x6  
  58  5:37  Queen  
  45  6:07  Ravager  
  43  6:13  Zergling x6  
Show
View Real Time Build Order
Export as new Build Order

Asuna Protoss - Winner!

Build Orders:  

Get SALT Encoding   

  12  0:00  Probe  
  13  0:12  Probe  
  14  0:20  Pylon  
  14  0:24  Probe  
  15  0:38  Probe (Chrono Boost)  
  15  0:40  Gateway  
  16  0:49  Assimilator  
  17  0:50  Probe (Chrono Boost)  
  17  0:55  Probe (Chrono Boost)  
  18  1:04  Probe  
  19  1:13  Forge  
  19  1:16  Probe  
  20  1:28  Cybernetics Core  
  20  1:30  Pylon  
  20  1:38  Pylon  
  20  1:39  Pylon  
  20  1:43  Probe  
  21  1:52  Photon Cannon  
  21  1:53  Pylon  
  21  2:05  Robotics Facility  
  21  2:07  Photon Cannon  
  21  2:26  Shield Battery  
  21  2:28  Shield Battery  
  21  2:32  Shield Battery  
  21  2:38  Pylon  
  21  2:49  Immortal (Chrono Boost)  
  25  3:00  Shield Battery  
  25  3:19  Immortal (Chrono Boost)  
  29  3:26  Shield Battery  
  29  3:31  Photon Cannon  
  29  3:47  Warp Prism (Chrono Boost)  
  31  3:57  Shield Battery  
  31  4:21  Immortal (Chrono Boost)  
  35  4:42  Pylon  
  35  4:44  Shield Battery  
  35  4:48  Shield Battery  
  35  5:00  Immortal (Chrono Boost)  
  35  5:01  Pylon  
  38  5:34  Immortal (Chrono Boost)  
  42  5:38  Shield Battery  
  42  5:42  Shield Battery  
  42  5:46  Shield Battery  
  42  6:31  Shield Battery  
  42  6:36  Shield Battery  
Tags
 
Add a new tag
Caveats
  • Supply blocks, unpowered buildings, or Contaminate may cause inaccurate times.
  • Supply counts are checked every 10 seconds.